PBL
SAN FRANCISCO GIANTS @ ARIZONA DIAMONDBACKS
08/19/2070
 
TOP OF THE 1ST
San Francisco Giants batting - Pitching for Arizona Diamondbacks : LHP Palmer Brooks
Pitching: LHP Palmer Brooks
Batting: RHB Jorge Luna 0-0: Called Strike
0-1: DOUBLE (Groundball, 5L, EV 108.8 MPH)
Batting: RHB Rex Tolmie 0-0: Ball
1-0: Swinging Strike
1-1: Ball
2-1: Foul Ball, location: 2F
2-2: Foul Ball, location: 23FF
2-2: Ball
3-2: SINGLE (Line Drive, 8LS, EV 91.9 MPH)
Jorge Luna to third
Runner from 3rd tries for Home, SAFE, throw by CF to home
Rex Tolmie to second
Batting: LHB Denis Gustafson 0-0: Swinging Strike
0-1: SINGLE (Groundball, 34S, EV 65.6 MPH) (infield hit)
Rex Tolmie to third
Batting: RHB Luis Miranda 0-0: Swinging Strike
0-1: Ball
1-1: Foul Ball, location: 2F
1-2: Ball
2-2: Ball
3-2: Base on Balls
Denis Gustafson to second
Batting: RHB Rafael Pérez 0-0: Called Strike
0-1: Swinging Strike
0-2: Foul Ball, location: 2F
0-2: Ball
1-2: Ball
2-2: Foul Ball, location: 2F
2-2: Ball
3-2: Grounds into double play, 5-4-3 (Groundball, 56D, EV 98.8 MPH)
Rex Tolmie scores
Denis Gustafson to third
Batting: SHB Jesús Sosa 0-0: Ball
1-0: Ground out U3 (Groundball, 3, EV 91.3 MPH)
Top of the 1st over - 2 runs, 3 hits, 0 errors, 1 left on base; San Francisco 2 - Arizona 0
BOTTOM OF THE 1ST
Arizona Diamondbacks batting - Pitching for San Francisco Giants : LHP Jo Sato
Pitching: LHP Jo Sato
Batting: LHB Pat Phillips 0-0: Ball
1-0: Ground out U3 (Groundball, 3D, EV 88.8 MPH)
Batting: SHB Yang Siu 0-0: Ball
1-0: Called Strike
1-1: Foul Ball, location: 2F
1-2: Ball
2-2: Strikes out looking
Batting: SHB David Peters 0-0: Ball
1-0: Ball
2-0: Swinging Strike
2-1: Fly out, F4 (Popup, 4MD, EV 59.4 MPH)
Bottom of the 1st over - 0 runs, 0 hits, 0 errors, 0 left on base; San Francisco 2 - Arizona 0
TOP OF THE 2ND
San Francisco Giants batting - Pitching for Arizona Diamondbacks : LHP Palmer Brooks
Batting: RHB Juan Guzmán 0-0: Ball
1-0: Ball
2-0: Called Strike
2-1: Fly out, F9 (Line Drive, 9LM, EV 106.9 MPH)
Batting: RHB Sean McKinney 0-0: Ball
1-0: Called Strike
1-1: Called Strike
1-2: Ball
2-2: Fly out, F4 (Popup, 34S, EV 87.5 MPH)
Batting: RHB John Trevenot 0-0: Called Strike
0-1: Ball
1-1: Ball
2-1: Ball
3-1: Called Strike
3-2: Strikes out looking
Top of the 2nd over - 0 runs, 0 hits, 0 errors, 0 left on base; San Francisco 2 - Arizona 0
BOTTOM OF THE 2ND
Arizona Diamondbacks batting - Pitching for San Francisco Giants : LHP Jo Sato
Batting: LHB Greg Milligan 0-0: Called Strike
0-1: Foul Ball, location: 2F
0-2: Ball
1-2: Strikes out swinging
Batting: RHB Ángel Pérez 0-0: Foul Ball, location: 7LSF
0-1: Fly out, F9 (Flyball, 9LMF, EV 110.6 MPH)
Batting: RHB Amelio Díaz 0-0: Ball
1-0: Called Strike
1-1: Ball
2-1: Fly out, F8 (Flyball, 8RXD, EV 101.3 MPH)
Bottom of the 2nd over - 0 runs, 0 hits, 0 errors, 0 left on base; San Francisco 2 - Arizona 0
TOP OF THE 3RD
San Francisco Giants batting - Pitching for Arizona Diamondbacks : LHP Palmer Brooks
Batting: RHB Jorge Luna 0-0: Foul Ball, location: 2F
0-1: Ball
1-1: Ball
2-1: Ball
3-1: Called Strike
3-2: Ground out 4-3 (Groundball, 4, EV 101.3 MPH)
Batting: RHB Rex Tolmie 0-0: Called Strike
0-1: Ball
1-1: Ground out 4-3 (Groundball, 4, EV 103.8 MPH)
Batting: LHB Denis Gustafson 0-0: Ball
1-0: Foul Ball, location: 5F
1-1: Ball
2-1: Ground out 4-3 (Groundball, 4, EV 92.5 MPH)
Top of the 3rd over - 0 runs, 0 hits, 0 errors, 0 left on base; San Francisco 2 - Arizona 0
BOTTOM OF THE 3RD
Arizona Diamondbacks batting - Pitching for San Francisco Giants : LHP Jo Sato
Pitching: RHP Francisco Mendoza
Batting: SHB Patrick Jennings 0-0: Called Strike
0-1: Foul Ball, location: 2F
0-2: Ball
1-2: Ground out 4-3 (Groundball, 4, EV 103.1 MPH)
Batting: RHB Ismael Pérez 0-0: Called Strike
0-1: Ball
1-1: Swinging Strike
1-2: Ball
2-2: Ground out 4-3 (Groundball, 4S, EV 76.9 MPH)
Batting: LHB Jim Andrés 0-0: Foul Ball, location: 2F
0-1: Fly out, F9 (Flyball, 89M, EV 88.8 MPH)
Bottom of the 3rd over - 0 runs, 0 hits, 0 errors, 0 left on base; San Francisco 2 - Arizona 0
TOP OF THE 4TH
San Francisco Giants batting - Pitching for Arizona Diamondbacks : LHP Palmer Brooks
Batting: RHB Luis Miranda 0-0: Ball
1-0: Foul Ball, location: 5FF
1-1: Called Strike
1-2: Ball
2-2: Ball
3-2: Foul Ball, location: 3DF
3-2: Ground out 6-3 (Groundball, P, EV 89.4 MPH)
Batting: RHB Rafael Pérez 0-0: Called Strike
0-1: Ball
1-1: Ball
2-1: Fly out, F9 (Flyball, 9, EV 90.6 MPH)
Batting: SHB Jesús Sosa 0-0: Called Strike
0-1: Ball
1-1: Ball
2-1: Foul Ball, location: 2F
2-2: Foul Ball, location: 2F
2-2: Strikes out swinging
Top of the 4th over - 0 runs, 0 hits, 0 errors, 0 left on base; San Francisco 2 - Arizona 0
BOTTOM OF THE 4TH
Arizona Diamondbacks batting - Pitching for San Francisco Giants : RHP Francisco Mendoza
Batting: LHB Pat Phillips 0-0: Foul Ball, location: 2F
0-1: Ball
1-1: Foul Ball, location: 3F
1-2: Ball
2-2: SOLO HOME RUN (Flyball, 9D, EV 96.9 MPH), Distance : 365 ft
Batting: SHB Yang Siu 0-0: Ball
1-0: Foul Ball, location: 2F
1-1: Ball
2-1: Fly out, F6 (Popup, 6MD, EV 51.3 MPH)
Batting: SHB David Peters 0-0: Ball
1-0: Called Strike
1-1: Ball
2-1: Foul Ball, location: 7LDF
2-2: Fly out, F8 (Flyball, 78M, EV 83.1 MPH)
Batting: LHB Greg Milligan 0-0: Called Strike
0-1: Foul Ball, location: 2F
0-2: Strikes out looking
Bottom of the 4th over - 1 run, 1 hit, 0 errors, 0 left on base; San Francisco 2 - Arizona 1
TOP OF THE 5TH
San Francisco Giants batting - Pitching for Arizona Diamondbacks : LHP Palmer Brooks
Batting: RHB Juan Guzmán 0-0: Fly out, F7 (Flyball, 7S, EV 92.5 MPH)
Batting: RHB Sean McKinney 0-0: Ball
1-0: Fly out, F9 (Line Drive, 9, EV 99.4 MPH)
Batting: RHB John Trevenot 0-0: Swinging Strike
0-1: Foul Ball, location: 9LDF
0-2: Foul Ball, location: 2F
0-2: Foul Ball, location: 5SF
0-2: Foul Ball, location: 9LDF
0-2: Fly out, F4 (Popup, 13, EV 76.3 MPH)
Top of the 5th over - 0 runs, 0 hits, 0 errors, 0 left on base; San Francisco 2 - Arizona 1
BOTTOM OF THE 5TH
Arizona Diamondbacks batting - Pitching for San Francisco Giants : RHP Francisco Mendoza
Batting: RHB Ángel Pérez 0-0: Ball
1-0: SOLO HOME RUN (Flyball, 9LD, EV 96.9 MPH), Distance : 344 ft
Batting: RHB Amelio Díaz 0-0: Ball
1-0: Fly out, F9 (Flyball, 9S, EV 90.6 MPH)
Batting: SHB Patrick Jennings 0-0: Called Strike
0-1: Ball
1-1: Ground out 4-3 (Groundball, 4, EV 100.0 MPH)
Batting: RHB Ismael Pérez 0-0: Ball
1-0: Fly out, F9 (Flyball, 89D, EV 92.5 MPH)
Bottom of the 5th over - 1 run, 1 hit, 0 errors, 0 left on base; San Francisco 2 - Arizona 2
TOP OF THE 6TH
San Francisco Giants batting - Pitching for Arizona Diamondbacks : LHP Palmer Brooks
Batting: RHB Jorge Luna 0-0: Ball
1-0: Ball
2-0: Called Strike
2-1: Ball
3-1: Ground out 6-3 (Groundball, 6, EV 83.1 MPH)
Batting: RHB Rex Tolmie 0-0: Ball
1-0: Ball
2-0: Foul Ball, location: 9LSF
2-1: Foul Ball, location: 2F
2-2: Ball
3-2: Foul Ball, location: 3SF
3-2: Foul Ball, location: 2F
3-2: Foul Ball, location: 2F
3-2: Fly out, F9 (Flyball, 9LS, EV 93.8 MPH)
Batting: LHB Denis Gustafson 0-0: Ball
1-0: Called Strike
1-1: SINGLE (Groundball, 4S, EV 63.1 MPH) (infield hit)
Pitching: LHP Manny Nieto
Batting: RHB Luis Miranda 0-0: Ball
1-0: Called Strike
1-1: Foul Ball, location: 2F
1-2: Ball
2-2: Strikes out swinging
Top of the 6th over - 0 runs, 1 hit, 0 errors, 1 left on base; San Francisco 2 - Arizona 2
BOTTOM OF THE 6TH
Arizona Diamondbacks batting - Pitching for San Francisco Giants : RHP Francisco Mendoza
Batting: LHB Jim Andrés 0-0: Ball
1-0: Ball
2-0: Ball
3-0: Base on Balls
Batting: LHB Pat Phillips 0-0: Called Strike
0-1: Called Strike
0-2: Foul Ball, location: 7LSF
0-2: Strikes out looking
Batting: SHB Yang Siu 0-0: Foul Ball, location: 2F
0-1: Ball
Jim Andrés steals 2nd base (no throw)
1-1: Fly out, F9 (Flyball, 9S, EV 73.8 MPH)
Batting: SHB David Peters 0-0: Intentional Walk
Batting: LHB Greg Milligan 0-0: Called Strike
0-1: Ball
1-1: Ball
2-1: Foul Ball, location: 7LDF
2-2: Strikes out swinging
Bottom of the 6th over - 0 runs, 0 hits, 0 errors, 2 left on base; San Francisco 2 - Arizona 2
TOP OF THE 7TH
San Francisco Giants batting - Pitching for Arizona Diamondbacks : LHP Manny Nieto
Batting: RHB Rafael Pérez 0-0: Called Strike
0-1: Ball
1-1: Foul Ball, location: 3F
1-2: Fly out, F9 (Flyball, 9D, EV 86.9 MPH)
Batting: SHB Jesús Sosa 0-0: Ball
1-0: Ball
2-0: Foul Ball, location: 25F
2-1: Fly out, F9 (Flyball, 9, EV 90.0 MPH)
Batting: RHB Juan Guzmán 0-0: Ball
1-0: Ball
2-0: Fly out, F9 (Flyball, 9LSF, EV 83.1 MPH)
Top of the 7th over - 0 runs, 0 hits, 0 errors, 0 left on base; San Francisco 2 - Arizona 2
BOTTOM OF THE 7TH
Arizona Diamondbacks batting - Pitching for San Francisco Giants : RHP Francisco Mendoza
Batting: RHB Ángel Pérez 0-0: Ball
1-0: Called Strike
1-1: Swinging Strike
1-2: Ball
2-2: Fly out, F7 (Flyball, 78S, EV 83.1 MPH)
Batting: RHB Amelio Díaz 0-0: Called Strike
0-1: Ball
1-1: Ball
2-1: SINGLE (Groundball, 56D, EV 102.5 MPH)
Batting: SHB Patrick Jennings 0-0: Ball
1-0: Called Strike
1-1: Swinging Strike
1-2: Strikes out swinging
Batting: RHB Ismael Pérez 0-0: SINGLE (Flyball, 9LS, EV 86.9 MPH)
Amelio Díaz to second
Runner from 2nd tries for 3rd, SAFE, throw by RF made to third
Batting: LHB Jim Andrés 0-0: Ball
1-0: Called Strike
1-1: Ball
2-1: Ball
3-1: Called Strike
3-2: Fly out, F9 (Flyball, 9, EV 95.0 MPH)
Bottom of the 7th over - 0 runs, 2 hits, 0 errors, 2 left on base; San Francisco 2 - Arizona 2
TOP OF THE 8TH
San Francisco Giants batting - Pitching for Arizona Diamondbacks : LHP Manny Nieto
Batting: RHB Sean McKinney 0-0: Ball
1-0: Foul Ball, location: 3DF
1-1: Foul Ball, location: 9LMF
1-2: Ball
2-2: Foul Ball, location: 9LSF
2-2: Foul Ball, location: 5FF
2-2: Foul Ball, location: 7LMF
2-2: SOLO HOME RUN (Flyball, 9D, EV 91.9 MPH), Distance : 368 ft
Batting: RHB John Trevenot 0-0: Ball
1-0: Foul Ball, location: 5F
1-1: Swinging Strike
1-2: Ball
2-2: Foul Ball, location: 2F
2-2: Strikes out swinging
Batting: RHB Jorge Luna 0-0: Swinging Strike
0-1: Swinging Strike
0-2: Ball
1-2: Ball
2-2: Strikes out looking
Batting: RHB Rex Tolmie 0-0: Ball
1-0: Ball
2-0: Called Strike
2-1: Foul Ball, location: 3SF
2-2: Strikes out swinging
Top of the 8th over - 1 run, 1 hit, 0 errors, 0 left on base; San Francisco 3 - Arizona 2
BOTTOM OF THE 8TH
Arizona Diamondbacks batting - Pitching for San Francisco Giants : RHP Francisco Mendoza
Batting: LHB Pat Phillips 0-0: Ball
1-0: Swinging Strike
1-1: Fly out, F4 (Popup, 3D, EV 64.4 MPH)
Batting: SHB Yang Siu 0-0: Ball
1-0: Called Strike
1-1: Ball
2-1: Ball
3-1: Foul Ball, location: 3F
3-2: Foul Ball, location: 9LMF
3-2: Base on Balls
Batting: SHB David Peters 0-0: Ball
Wild Pitch!
Yang Siu to second
1-0: Ball
Wild Pitch!
Yang Siu to third
2-0: Foul Ball, location: 25FF
2-1: SINGLE (Line Drive, 7S, EV 103.8 MPH)
Yang Siu scores
Pitching: RHP Ángel Ramírez
Batting: LHB Greg Milligan 0-0: Foul Ball, location: 3FF
0-1: Swinging Strike
0-2: Ball
1-2: Ball
2-2: Ball
3-2: Fly out, F9 (Flyball, 89M, EV 91.9 MPH)
Batting: RHB Ángel Pérez 0-0: Fielders Choice at 2nd, 5-4 (Groundball, 56, EV 103.1 MPH)
Bottom of the 8th over - 1 run, 1 hit, 0 errors, 1 left on base; San Francisco 3 - Arizona 3
TOP OF THE 9TH
San Francisco Giants batting - Pitching for Arizona Diamondbacks : LHP Manny Nieto
Pitching: RHP Don Davis
Batting: LHB Denis Gustafson 0-0: Called Strike
0-1: Ball
1-1: Fly out, F3 (Line Drive, 3, EV 62.5 MPH)
Batting: LHB Donald Barnes 0-0: Ball
1-0: Ball
2-0: Called Strike
2-1: Foul Ball, location: 3DF
2-2: Foul Ball, location: 7LSF
2-2: Ground out U3 (Groundball, 34S, EV 70.0 MPH)
Pinch Hitting: LHB Bill Stevens 0-0: Called Strike
0-1: Ball
1-1: Ball
2-1: Foul Ball, location: 9LMF
2-2: Fly out, F7 (Flyball, 78XD, EV 106.3 MPH)
Top of the 9th over - 0 runs, 0 hits, 0 errors, 0 left on base; San Francisco 3 - Arizona 3
BOTTOM OF THE 9TH
Arizona Diamondbacks batting - Pitching for San Francisco Giants : RHP Ángel Ramírez
Pitching: RHP Juan Carlos Muñóz
Now at 1B: Jason Rollins
Batting: RHB Amelio Díaz 0-0: Foul Ball, location: 9LSF
0-1: Called Strike
0-2: Ball
1-2: SOLO HOME RUN (Flyball, 7D, EV 95.6 MPH), Distance : 384 ft
Bottom of the 9th over - 1 run, 1 hit, 0 errors, 0 left on base; San Francisco 3 - Arizona 4
Saturday, February 10th , 2024 - OOTP Baseball 24.10 Build 82